 Dungeon Crawl Stone Soup version 0.20-a0-1018-ge435b50 (webtiles) character file.

39 sugabear the Cudgeler (level 3, 0/18 HPs)
             Began as a Vine Stalker Gladiator on Apr 16, 2017.
             Slain by an orc
             ... wielding a +0 trident
              (3 damage)
             ... on level 3 of the Dungeon.
             The game lasted 00:01:26 (1706 turns).

sugabear the Cudgeler (Vine Stalker Gladiator)      Turns: 1706, Time: 00:01:26

Health: 0/18       AC:  4    Str: 17    XL:     3   Next: 45%
Magic:  0/4        EV: 13    Int:  8    God:
Gold:   62         SH:  0    Dex: 15    Spells: 2/2 levels left

rFire    . . .     SeeInvis .   a - +0 flail
rCold    . . .     Gourm    .   (no shield)
rNeg     . . .     Faith    .   b - +0 leather armour
rPois    .         Spirit   +   c - +0 helmet
rElec    .         Reflect  .   (no cloak)
rCorr    +         Harm     .   (no gloves)
MR       .....                  (no boots)
Stlth    +.........             (no amulet)
Regen    0.1/turn               h - ring of resist corrosion
MPRegen  0.1/turn               (no ring)

@: no status effects
A: fangs 2, magic shield, antimagic bite, no potion heal 3, rot immunity
a: no special abilities


You were on level 3 of the Dungeon.
You were hungry.

You visited 1 branch of the dungeon, and saw 3 of its levels.

You collected 62 gold pieces.

Inventory:

Hand Weapons
 a - a +0 flail (weapon)
Missiles
 d - 3 throwing nets (quivered)
Armour
 b - a +0 leather armour (worn)
 c - a +0 helmet (worn)
Jewellery
 h - a ring of resist corrosion (left hand)
Scrolls
 e - 2 scrolls of teleportation {unknown}
 k - 2 scrolls of enchant weapon {unknown}
 l - a scroll of identify {unknown}
 n - a scroll of remove curse {unknown}
 s - a scroll of random uselessness {unknown}
Potions
 g - 2 potions of might {unknown}
 i - 2 potions of berserk rage {unknown}
 j - a potion of brilliance {unknown}
 m - a potion of mutation {unknown}
 o - a potion of curing {unknown}
 q - a potion of haste {unknown}
Comestibles
 f - a bread ration
 p - 2 meat rations
 r - a royal jelly


   Skills:
 + Level 2.0 Fighting
 + Level 3.2 Maces & Flails
 + Level 2.0 Throwing
 + Level 0.5 Armour
 + Level 2.7 Dodging
 + Level 0.3 Stealth


You had 2 spell levels left.
You didn't know any spells.

Dungeon Overview and Level Annotations

Branches:
Dungeon (3/15)

Altars:


Innate Abilities, Weirdness & Mutations

You have extremely sharp teeth.
When hurt, damage is shared between your health and your magic reserves.
Your bite disrupts and absorbs the magic of your enemies.
Potions cannot restore your health.
You are immune to rotting.


Message History

The orc is heavily wounded.
The giant cockroach bites you but does no damage.
The giant cockroach bites you. The orc hits you with a trident!
You are too injured to fight recklessly!
You are too injured to fight recklessly!
You are too injured to fight recklessly!
You are too injured to fight recklessly!
You hit the orc.
The orc is severely wounded.
The giant cockroach barely misses you. The orc misses you.
You barely miss the orc.
The orc is severely wounded.
The giant cockroach bites you. The orc hits you with a trident.
* * * LOW HITPOINT WARNING * * *
The giant cockroach bites you but does no damage.
Unknown command.
You closely miss the orc. You bite the orc, but do no damage.
The orc is severely wounded.
The giant cockroach closely misses you. The orc hits you with a trident.
You die...

#..<†......
#.######.##
#.# #.# #.#
. ###.### ..
#.....##.###
#.##.......#
#.#.@....#..
# #so##..#
..!.. .....
####.## .###
..# # #.#
... #.#


You could see an orc and a giant cockroach.

Vanquished Creatures
  An adder (D:2)
  3 bats
  2 giant cockroaches (D:1)
  5 goblins
  3 hobgoblins (D:1)
  2 jackals (D:1)
  3 kobolds
  3 ball pythons (D:1)
  4 frilled lizards
  2 rats
28 creatures vanquished.

Notes
Turn   | Place    | Note
-------+----------+-------------------------------------------
     0 | D:1      | sugabear the Vine Stalker Gladiator began the quest for the Orb.
     0 | D:1      | Reached XP level 1. HP: 11/11 MP: 2/2
    85 | D:1      | Reached XP level 2. HP: 3/15 MP: 1/3
   397 | D:1      | Reached skill level 3 in Maces & Flails
  1062 | D:2      | Reached XP level 3. HP: 14/18 MP: 2/4
  1706 | D:3      | Slain by an orc

Vault maps used:
D:1:      roderic_crop_circles_arrival_small, kennysheep_minor_cross, hex_large
D:3:      zin_purify, cheibriados_altar_1, uniq_terence

Skill      XL: |  1  2  3 |
---------------+----------+-----
Maces & Flails | 3 |  3.2
Fighting       | 2 |  2.0
Throwing       | 2 |  2.0
Armour         | |  0.5
Dodging        | |  2.7
Stealth        | |  0.3

Action                   || total
-------------------------++-------
Melee: Flail             ||    84
       Bite              ||    15
 Stab: Sleeping          ||     3
  Eat: Chunk             ||     2
Armor: Leather armour    ||    20
Dodge: Dodged            ||    61
